3268 views
Uploaded 2020-04-17 17:06:46
Game version 1.32.3
5:57 long 3on3 ladder game on (6)StranglethornVale
Saved by BEARAND
3268 views
Uploaded 2020-04-17 17:06:46
Game version 1.32.3
5:57 long 3on3 ladder game on (6)StranglethornVale


37 units @ 3.1k
/ 0k
51 buildings @ 3.3k
/ 1.1k

| Circlet of Nobility | 1 | 175 |
| Boots of Speed | 1 | 250 |
| Staff of Teleportation | 1 | 150 |
| total: | 3 | 575g |
| Acolyte | 2 | 150 | / | 0 |
| Ghoul | 7 | 840 | / | 0 |
| total: | 9 | 990g | / | 0w |
| Crypt | 1 | 200 | / | 50 |
| Altar of Darkness | 1 | 180 | / | 50 |
| Ziggurat | 3 | 450 | / | 150 |
| Necropolis | 1 | 225 | / | 0 |
| Graveyard | 1 | 215 | / | 0 |
| Halls of the Dead | 1 | 320 | / | 210 |
| total: | 7 | 1270g | / | 250w |
| 0:04 | Acolyte |
| 0:09 | Crypt |
| 0:11 | Altar of Darkness |
| 0:15 | Acolyte |
| 0:31 | Ziggurat |
| 1:12 | Ghoul |
| 1:16 | Ghoul |
| 1:38 | Necropolis |
| 1:40 | Ghoul |
| 2:07 | Ghoul |
| 2:22 | Death Coil |
| 3:55 | Ghoul |
| 3:56 | Ghoul |
| 3:56 | Ghoul |
| 4:00 | Ziggurat |
| 4:01 | Ziggurat |
| 4:14 | Graveyard |
| 4:35 | Circlet of Nobility |
| 4:35 | Boots of Speed |
| 4:38 | Staff of Teleportation |
| 5:08 | Halls of the Dead |
| 5:41 | Unholy Aura |
| Right click | 310 |
| Chat | 124 |
| Select group | 113 |
| Select | 62 |
| Resource trade | 25 |
| Build/train/purchase | 23 |
| Misc. action | 18 |
| Use ability | 7 |
| Assign group | 6 |
| Minimap ping | 5 |
| Item give/drop | 1 |

| Boots of Speed | 1 | 250 |
| Staff of Teleportation | 1 | 150 |
| total: | 2 | 400g |
| Peasant | 12 | 900 | / | 0 |
| total: | 12 | 900g | / | 0w |
| Scout Tower | 15 | 450 | / | 300 |
| Arcane Tower | 2 | 140 | / | 100 |
| Guard Tower | 8 | 560 | / | 400 |
| Altar of Kings | 1 | 180 | / | 50 |
| Farm | 2 | 160 | / | 40 |
| Lumber Mill | 1 | 120 | / | 0 |
| Keep | 1 | 320 | / | 210 |
| total: | 19 | 910g | / | 390w |
| 0:01 | Peasant |
| 0:02 | Peasant |
| 0:02 | Peasant |
| 0:09 | Altar of Kings |
| 0:18 | Farm |
| 0:21 | Peasant |
| 0:29 | Peasant |
| 0:33 | Peasant |
| 0:51 | Peasant |
| 1:02 | Lumber Mill |
| 1:06 | Peasant |
| 1:20 | Farm |
| 1:27 | Scout Tower |
| 1:46 | Peasant |
| 1:53 | Arcane Tower |
| 1:54 | Scout Tower |
| 1:59 | Scout Tower |
| 2:07 | Blizzard |
| 2:12 | Peasant |
| 2:12 | Peasant |
| 2:12 | Peasant |
| 2:21 | Guard Tower |
| 2:23 | Scout Tower |
| 2:34 | Guard Tower |
| 2:36 | Scout Tower |
| 2:48 | Scout Tower |
| 2:48 | Scout Tower |
| 3:25 | Guard Tower |
| 3:27 | Keep |
| 3:41 | Guard Tower |
| 3:49 | Boots of Speed |
| 3:58 | Scout Tower |
| 3:59 | Scout Tower |
| 4:00 | Guard Tower |
| 4:22 | Staff of Teleportation |
| 4:49 | Guard Tower |
| 4:50 | Scout Tower |
| 4:51 | Scout Tower |
| 4:52 | Scout Tower |
| 4:57 | Scout Tower |
| 5:39 | Scout Tower |
| 5:39 | Scout Tower |
| Right click | 443 |
| Chat | 113 |
| Select | 109 |
| Build/train/purchase | 46 |
| Select group | 14 |
| Assign group | 6 |
| Use ability | 4 |
| Minimap ping | 2 |
| Item give/drop | 1 |

| Peasant | 16 | 1200 | / | 0 |
| total: | 16 | 1200g | / | 0w |
| Scout Tower | 21 | 630 | / | 420 |
| Arcane Tower | 1 | 70 | / | 50 |
| Guard Tower | 15 | 1050 | / | 750 |
| Altar of Kings | 1 | 180 | / | 50 |
| Lumber Mill | 1 | 120 | / | 0 |
| Farm | 2 | 160 | / | 40 |
| total: | 25 | 1090g | / | 510w |
| 0:01 | Peasant |
| 0:07 | Altar of Kings |
| 0:09 | Peasant |
| 0:19 | Lumber Mill |
| 0:21 | Farm |
| 0:24 | Peasant |
| 0:34 | Peasant |
| 0:54 | Peasant |
| 1:06 | Peasant |
| 1:09 | Farm |
| 1:14 | Peasant |
| 1:34 | Scout Tower |
| 1:39 | Peasant |
| 1:46 | Scout Tower |
| 1:54 | Peasant |
| 2:00 | Scout Tower |
| 2:02 | Arcane Tower |
| 2:05 | Scout Tower |
| 2:07 | Peasant |
| 2:10 | Blizzard |
| 2:14 | Scout Tower |
| 2:16 | Peasant |
| 2:19 | Guard Tower |
| 2:32 | Scout Tower |
| 2:36 | Guard Tower |
| 2:43 | Guard Tower |
| 3:20 | Guard Tower |
| 3:45 | Scout Tower |
| 3:47 | Scout Tower |
| 3:54 | Scout Tower |
| 3:58 | Peasant |
| 3:58 | Peasant |
| 4:05 | Scout Tower |
| 4:07 | Scout Tower |
| 4:09 | Guard Tower |
| 4:10 | Scout Tower |
| 4:13 | Scout Tower |
| 4:24 | Guard Tower |
| 4:26 | Scout Tower |
| 4:27 | Scout Tower |
| 4:29 | Scout Tower |
| 4:30 | Scout Tower |
| 4:36 | Guard Tower |
| 4:47 | Brilliance Aura |
| 5:06 | Guard Tower |
| 5:12 | Peasant |
| 5:12 | Peasant |
| 5:29 | Guard Tower |
| 5:31 | Peasant |
| 5:40 | Guard Tower |
| 5:43 | Scout Tower |
| 5:46 | Scout Tower |
| 5:52 | Scout Tower |
| 5:53 | Scout Tower |
| Right click | 291 |
| Select | 115 |
| Build/train/purchase | 47 |
| Select group | 39 |
| Assign group | 15 |
| Misc. action | 5 |
| Use ability | 4 |
/ 0.3k
24 buildings @ 2.8k
/ 0.8k

| Peasant | 10 | 750 | / | 0 |
| Rifleman | 5 | 1025 | / | 150 |
| total: | 15 | 1775g | / | 150w |
| Farm | 4 | 320 | / | 80 |
| Blacksmith | 1 | 140 | / | 60 |
| Barracks | 1 | 160 | / | 60 |
| Altar of Kings | 1 | 180 | / | 50 |
| total: | 7 | 800g | / | 250w |
| 0:02 | Peasant |
| 0:03 | Peasant |
| 0:08 | Farm |
| 0:18 | Peasant |
| 0:31 | Peasant |
| 0:45 | Blacksmith |
| 0:50 | Barracks |
| 0:57 | Farm |
| 1:00 | Peasant |
| 1:11 | Peasant |
| 1:18 | Peasant |
| 1:31 | Peasant |
| 1:45 | Peasant |
| 1:55 | Altar of Kings |
| 2:11 | Peasant |
| 2:27 | Rifleman |
| 2:37 | Rifleman |
| 2:56 | Rifleman |
| 3:03 | Farm |
| 3:42 | Black Arrow |
| 3:46 | Rifleman |
| 3:48 | Farm |
| 4:58 | Rifleman |
| Right click | 439 |
| Assign group | 98 |
| Select group | 96 |
| Select | 55 |
| Misc. action | 32 |
| Build/train/purchase | 20 |
| Minimap ping | 7 |
| Use ability | 1 |

| Peasant | 8 | 600 | / | 0 |
| Rifleman | 4 | 820 | / | 120 |
| total: | 12 | 1420g | / | 120w |
| Altar of Kings | 1 | 180 | / | 50 |
| Farm | 4 | 320 | / | 80 |
| Blacksmith | 1 | 140 | / | 60 |
| Barracks | 1 | 160 | / | 60 |
| Lumber Mill | 1 | 120 | / | 0 |
| Keep | 1 | 320 | / | 210 |
| total: | 8 | 920g | / | 250w |
| 0:04 | Peasant |
| 0:05 | Peasant |
| 0:05 | Peasant |
| 0:23 | Altar of Kings |
| 0:41 | Farm |
| 0:46 | Peasant |
| 0:51 | Blacksmith |
| 1:02 | Barracks |
| 1:08 | Peasant |
| 1:30 | Peasant |
| 1:38 | Lumber Mill |
| 1:50 | Farm |
| 2:06 | Farm |
| 2:12 | Peasant |
| 2:13 | Peasant |
| 2:48 | Summon Water Elemental |
| 4:10 | Keep |
| 4:12 | Rifleman |
| 4:12 | Rifleman |
| 4:12 | Rifleman |
| 4:48 | Rifleman |
| 4:50 | Black Gunpowder |
| 4:51 | Studded Leather Armor |
| 5:19 | Farm |
| Right click | 75 |
| Select group | 75 |
| Chat | 66 |
| Select | 47 |
| Misc. action | 31 |
| Build/train/purchase | 20 |
| Assign group | 4 |
| Use ability | 2 |
| Minimap ping | 1 |

| Peasant | 11 | 825 | / | 0 |
| Footman | 4 | 540 | / | 0 |
| Rifleman | 2 | 410 | / | 60 |
| total: | 17 | 1775g | / | 60w |
| Scout Tower | 1 | 30 | / | 20 |
| Farm | 3 | 240 | / | 60 |
| Altar of Kings | 1 | 180 | / | 50 |
| Barracks | 2 | 320 | / | 120 |
| Blacksmith | 1 | 140 | / | 60 |
| Lumber Mill | 1 | 120 | / | 0 |
| total: | 9 | 1030g | / | 310w |
| 0:04 | Peasant |
| 0:04 | Peasant |
| 0:08 | Farm |
| 0:11 | Altar of Kings |
| 0:34 | Barracks |
| 0:37 | Peasant |
| 0:37 | Peasant |
| 0:45 | Peasant |
| 0:50 | Farm |
| 0:53 | Peasant |
| 0:53 | Peasant |
| 1:02 | Peasant |
| 1:09 | Peasant |
| 1:26 | Peasant |
| 1:36 | Scout Tower |
| 1:38 | Footman |
| 1:44 | Peasant |
| 2:03 | Farm |
| 2:07 | Footman |
| 2:11 | Storm Bolt |
| 2:25 | Blacksmith |
| 3:35 | Footman |
| 3:35 | Footman |
| 3:49 | Lumber Mill |
| 5:02 | Rifleman |
| 5:02 | Rifleman |
| 5:04 | Barracks |
| Right click | 131 |
| Chat | 104 |
| Select | 73 |
| Build/train/purchase | 19 |
| Minimap ping | 16 |
| Use ability | 5 |
| Remove unit | 1 |
⇛